 Dungeon Crawl Stone Soup version 0.29.1-1-gd02db6906a (webtiles) character file.

Game seed: 5695845711709925685

356 LabCoat the Chopper (level 6, 0/55 HPs)
             Began as a Hill Orc Fighter on Sept 19, 2022.
             Slain by Menkaure (10 damage)
             ... on level 4 of the Dungeon.
             The game lasted 00:07:06 (3572 turns).

LabCoat the Chopper (Hill Orc Fighter)              Turns: 3572, Time: 00:07:07

Health: 0/55       AC: 17    Str: 21    XL:     6   Next: 63%
Magic:  6/6        EV:  5    Int:  8    God:
Gold:   1282       SH:  4    Dex: 10    Spells: 5/5 levels left

rFire   . . .      SeeInvis .   a - +0 war axe
rCold   . . .      Faith    .   c - +0 buckler
rNeg    . . .      Spirit   .   g - +0 plate armour
rPois   .          Reflect  .   (no helmet)
rElec   .          Harm     .   (no cloak)
rCorr   .          Rampage  .   j - +0 pair of gloves
Will    .....                   (no boots)
Stlth   ..........              (no amulet)
HPRegen 0.18/turn               h - +4 ring of protection
MPRegen 0.10/turn               (no ring)

@: hasted, very quick
A: no striking features
a: no special abilities


You were on level 4 of the Dungeon.
You visited 1 branch of the dungeon, and saw 4 of its levels.

You collected 1282 gold pieces.

Inventory:

Hand Weapons
 a - a +0 war axe (weapon)
Armour
 c - a +0 buckler (worn)
 g - a +0 plate armour (worn)
 j - a +0 pair of gloves (worn)
Jewellery
 h - a +4 ring of protection (left hand)
 s - an amulet of magic regeneration
Scrolls
 k - 5 scrolls of teleportation
 m - a scroll of brand weapon {unknown}
 r - a scroll of amnesia {unknown}
 t - a scroll of magic mapping {unknown}
Potions
 b - a potion of haste
 d - a potion of resistance {unknown}
 e - a potion of flight
 f - a potion of invisibility
 i - a potion of mutation {unknown}
 l - 2 potions of curing
 n - a potion of heal wounds {unknown}
 p - a potion of degeneration {unknown}
 q - 3 potions of brilliance {unknown}


   Skills:
 + Level 4.9 Fighting
 * Level 5.2 Axes
 + Level 1.8 Throwing
 + Level 4.1 Armour
 + Level 4.1 Shields
 + Level 2.2 Evocations


You had 5 spell levels left.
You didn't know any spells.
Your spell library contained the following spells:

 Spells                   Type           Power      Damage    Failure   Level
 Magic Dart               Conj           0%         1d3       100%        1
 Searing Ray              Conj           0%         2d4       100%        2
 Fulminant Prism          Conj/Hex       0%         3d6       100%        4


Dungeon Overview and Level Annotations

Branches:
Dungeon (4/15)
 Temple: D:4-7

Altars:

Annotations:
D:4 Menkaure


Message History

You slash the orc!
You kill the orc!
No target in view!
You now have 1282 gold pieces (gained 31).
Things that are here:
a +0 short sword; 7 stones; a +0 ring mail
k - 5 scrolls of teleportation (gained 1)
You open the door.
There is an open door here.
You see here a staff of death.
A ball python comes into view.
The ball python hisses angrily.
The ball python moves out of view.
You slash the ball python!
You kill the ball python!
No target in view!
Menkaure, Prince of Dust comes into view.
Menkaure shouts!
Menkaure mumbles some strange words.
Menkaure seems to speed up.
You feel yourself speed up. Menkaure hits you!
You hit Menkaure.
Menkaure is lightly damaged.
You barely miss Menkaure.
Menkaure is lightly damaged.
Menkaure hits you but does no damage.
You slash Menkaure!
Menkaure is severely damaged.
Menkaure hits you but does no damage.
You barely miss Menkaure.
Menkaure is severely damaged.
Menkaure calls on the powers of darkness!
Your body is wracked with pain!
You barely miss Menkaure.
Menkaure is severely damaged.
Menkaure hits you!
* * * LOW HITPOINT WARNING * * *
Menkaure hits you!
You die...

#...... #.#.######
#......# #.#.# #......#
#.#.# #......###.#.##
#.............#
####.............#######
........................
####.............#######
......M@..###.####
.......#### #.# .......
#.# ....... #.# .......
#.# ....... #.# .......
#.# ....... #..


You could see Menkaure (fast).

Vanquished Creatures
  A phantom (D:3)
  3 vampire bats (D:4)
  3 adders (D:3)
  4 gnolls (D:3)
  3 worms
  4 dart slugs
  An orc (D:4)
  7 endoplasms
  3 giant cockroaches
  12 goblins
  9 hobgoblins
  2 quokkas (D:1)
  5 ball pythons
  12 bats
  3 frilled lizards
  12 kobolds
  3 rats
87 creatures vanquished.

Vanquished Creatures (others)
  A plant (D:1)
1 creature vanquished.

Grand Total: 88 creatures vanquished

Notes
Turn   | Place    | Note
-------+----------+-------------------------------------------
     0 | D:1      | LabCoat the Hill Orc Fighter began the quest for the Orb.
     0 | D:1      | Reached XP level 1. HP: 19/19 MP: 1/1
   127 | D:1      | Reached skill level 3 in Axes
   127 | D:1      | Reached XP level 2. HP: 24/27 MP: 2/2
   635 | D:1      | Reached XP level 3. HP: 33/33 MP: 3/3
   781 | D:1      | Found a faded altar of an unknown god.
  1639 | D:2      | Identified a scroll of acquirement
  1639 | D:2      | Acquired 927 gold pieces
  1757 | D:2      | Reached skill level 1 in Evocations
  2038 | D:2      | You fall into a shaft and drop 1 floor!
  2228 | D:3      | Reached XP level 4. HP: 38/39 MP: 4/4
  2336 | D:3      | Reached skill level 1 in Throwing
  2345 | D:3      | Reached skill level 4 in Axes
  2457 | D:3      | Reached XP level 5. HP: 43/46 MP: 5/5
  2583 | D:3      | Noticed a phantom
  2601 | D:3      | Killed a phantom
  2908 | D:3      | Reached XP level 6. HP: 53/53 MP: 6/6
  3471 | D:4      | Reached skill level 5 in Axes
  3563 | D:4      | Noticed Menkaure
  3572 | D:4      | Slain by Menkaure

Illustrated notes

Levels and vault maps discovered:
D:1:      dpeg_arrival_concentric_ovals, layout_loops_corners,
          shapermc_ecumenical_altar_mp_urbaneastern
D:2:      layout_basic
D:3:      cheibrodos_greedy_goblins, layout_basic
D:4:      layout_basic, grunt_ministairs_7, grunt_decor_fettered,
          roderic_batcave, hex_intersection, uniq_menkaure, uniq_natasha

Skill      XL: |  1  2  3  4  5  6 |
---------------+-------------------+-----
Axes           | 3 4 5 |  5.2
Fighting       | 4 |  4.9
Evocations     | 1 2 |  2.2
Throwing       | 1 |  1.8
Armour         | 4 |  4.1
Shields        | 4 |  4.1

Action                   |  1- 3 |  4- 6 || total
-------------------------+-------+-------++-------
Melee: War axe           |   111 |   132 ||   243
Throw: Dart              |     3 |       ||     3
       Throwing net      |     1 |       ||     1
  Use: Scroll            |     5 |     1 ||     6
       Potion            |       |     2 ||     2
 Stab: Held in net/web   |     1 |       ||     1
Armor: Scale mail        |    13 |       ||    13
       Plate armour      |    38 |   120 ||   158
Dodge: Dodged            |    34 |    41 ||    75
Block: Buckler           |    21 |    35 ||    56
